 Dungeon Crawl Stone Soup version 0.15.2 (webtiles) character file.

2903 Huymann the Thaumaturge (level 9, 0/47 HPs)
             Began as a Deep Elf Wizard on Oct 24, 2018.
             Was an Initiate of Sif Muna.
             Killed from afar by Joseph (2 damage)
             ... on Level 7 of the Dungeon on Nov 13, 2018.
             The game lasted 01:53:36 (7309 turns).

Huymann the Thaumaturge (Deep Elf Wizard)           Turns: 7309, Time: 01:53:37

HP   0/47        AC  3     Str  5      XL: 9   Next: 49%
MP  20/38        EV 16     Int 24      God: Sif Muna [......]
Gold 330         SH  0     Dex 15      Spells:  4 memorised, 17 levels left

rFire  . . .     SeeInvis +     E - +0 dagger (venom)
rCold  . . .     Clarity  .     a - +0 robe
rNeg   . . .     rCorr    .     (no shield)
rPois  .         rRot     .     b - +0 hat
rElec  .         Spirit   .     L - +0 cloak
SustAb .         Warding  .     (no gloves)
rMut   .         Stasis   .     (no boots)
Gourm  +                        g - amulet of the gourmand
MR     .....                    e - ring of see invisible
                                f - ring of magical power

@: not resistant to hostile enchantments, stealthy
A: no striking features
a: Renounce Religion


You were on level 7 of the Dungeon.
You worshipped Sif Muna.
Sif Muna was noncommittal.
You were very full.

You visited 2 branches of the dungeon, and saw 8 of its levels.

You collected 330 gold pieces.

Inventory:

Hand weapons
 h - a +0 dagger
 m - a +2 dagger of holy wrath
 x - a +2 dagger of distortion
 C - a +0 vampiric dagger
 E - a +0 dagger of venom (weapon)
 J - a +0 shortbow
 N - a +0 shortbow
Missiles
 v - 95 arrows
 y - 16 poisoned needles
Armour
 a - a +0 robe (worn)
 b - a +0 hat (worn)
 H - a +0 buckler
 L - a +0 cloak (worn)
Magical devices
 R - a wand of flame (9)
Comestibles
 d - 6 bread rations
 p - 3 slices of pizza
 q - 2 royal jellies
 s - 14 fruits
 t - 4 meat rations
 A - a chunk of giant frog flesh
Scrolls
 i - a scroll of blinking
 n - 6 scrolls of remove curse
 o - 4 scrolls of identify
 z - a scroll of noise {unknown}
 G - a scroll of enchant armour {unknown}
 M - 3 scrolls of teleportation
Jewellery
 e - a ring of see invisible (right hand)
 f - a ring of magical power (left hand)
 g - an amulet of the gourmand (around neck)
 B - an uncursed ring of teleport control {unknown}
 D - an uncursed amulet of resist corrosion {unknown}
 I - a cursed amulet of inaccuracy {unknown}
Potions
 j - 2 potions of restore abilities
 k - a potion of heal wounds
 l - 3 potions of brilliance
 r - a potion of resistance {unknown}
 P - 2 potions of might {unknown}
 Q - 3 potions of agility {unknown}
Books
 c - a book of Minor Magic

   Spells                             Type                      Level
   *Magic Dart                        Conjuration                  1
   Blink                              Translocation                2
   *Call Imp                          Summoning                    2
   Repel Missiles                     Charms/Air                   2
   Slow                               Hexes                        2
   *Conjure Flame                     Conjuration/Fire             3
   *Mephitic Cloud                    Conjuration/Poison/Air       3
 w - a book of Clouds

   Spells                             Type                      Level
   *Mephitic Cloud                    Conjuration/Poison/Air       3
   *Conjure Flame                     Conjuration/Fire             3
   Poisonous Cloud                    Conjuration/Poison/Air       6
   Freezing Cloud                     Conjuration/Ice/Air          6
   Ring of Flames                     Charms/Fire                  7
Magical staves
 u - an uncursed staff of wizardry {unknown}
Rods
 S - a +0 rod of ignition (13/13)
   (You found it on level 7 of the Dungeon)


   Skills:
 + Level 1.0 Fighting
 * Level 4.7 Short Blades
 * Level 6.3 Dodging
 * Level 7.6 Stealth
 + Level 9.1 Spellcasting
 * Level 6.5 Conjurations
 + Level 3.6 Summonings
   Level 1.1 Translocations
 + Level 1.2 Fire Magic
 + Level 1.5 Air Magic
 + Level 1.4 Poison Magic


You had 17 spell levels left.
You knew the following spells:

 Your Spells              Type           Power        Failure   Level  Hunger
a - Magic Dart            Conj           ####         1%          1    None
b - Call Imp              Summ           ####....     1%          2    None
c - Conjure Flame         Conj/Fire      ####....     3%          3    None
d - Mephitic Cloud        Conj/Pois/Air  ####....     6%          3    None


Dungeon Overview and Level Annotations

Branches:
Dungeon (7/15)             Temple (1/1) D:4

Altars:
Ashenzari
Cheibriados
Dithmenos
Elyvilon
Kikubaaqudgha
Nemelex Xobeh
Okawaru
Qazlal
Sif Muna
Trog
Vehumet
Xom
Yredelemnul
The Shining One
Jiyva

Annotations:
D:2 Ijyb
D:7 Joseph


Message History

You hit Joseph but do no damage.
Joseph is moderately wounded.
Casting: Mephitic Cloud
Confirm with . or Enter, or press ? or * to list all spells.
Aiming: Magic Dart
Press: ? - help, Shift-Dir - straight line, f/p - Joseph
Aim: Joseph, wielding a runed quarterstaff and wearing a ring mail (moderately wounded, poisoned, bewildered and confused)
The magic dart hits Joseph.
Joseph is moderately wounded.
You hit Joseph but do no damage.
Joseph looks even sicker.
Joseph is moderately wounded.
Joseph seems less confused.
Joseph unwields an uncursed runed quarterstaff.
Joseph wields an uncursed hunting sling.
Joseph shoots an exploding sling bullet.
The exploding sling bullet hits you!
* * * LOW HITPOINT WARNING * * *
The exploding sling bullet explodes!
The explosion of sling bullet fragments engulfs you!
You die...

.....####...###...######
#....#.....###..#....##.
#.........## #..##......
...#....## #.##...####
##...# #..#...## ##
#..## ##..#...# ##.
#..####.......###..
##5...#.............
##..@......##......##
#.@.####..#####...##
#...### #..# #..##
.....ยง# #..#####..##
...... ##.....#...# #
...... #..........###
...... ##..####<...##.
...#... ##..## ####....
. #...#...# ##...


You could see Joseph and a friendly crimson imp.

Vanquished Creatures
  Pikel (D:5)
  The ghost of JackS81 the Spear-Bearer, an experienced MfDK of Yredelemnul (D:5)
  The ghost of ShockStorm the Sneak, an average FoAM (D:4)
  2 orc warriors (D:6)
  An ice beast (D:5)
  2 slaves (D:5)
  A sky beast (D:5)
  An ogre (D:5)
  2 centaurs
  Blork the orc (D:7)
  3 giant frogs
  A scorpion (D:5)
  The ghost of Erymatos the Skirmisher, a weakling MiBe of Trog (D:3)
  2 jellies
  A big kobold zombie (D:5)
  2 hounds (D:6)
  3 orc wizards
  2 orc priests (D:4)
  An iguana (D:4)
  4 worker ants
  An ogre zombie (D:5)
  Terence (D:2)
  7 adders
  A shadow imp (D:6)
  A giant mite (D:4)
  A worm (D:2)
  A human zombie (D:6)
  3 giant geckos
  2 oozes
  30 orcs
  A bat zombie (D:5)
  A giant cockroach (D:2)
  17 goblins
  16 hobgoblins
  3 jackals
  A ball python (D:2)
  10 bats
  A giant cockroach zombie (D:6)
  6 giant newts
  A goblin skeleton (D:4)
  11 kobolds
  A kobold skeleton (D:5)
  A kobold zombie (D:5)
  3 orc skeletons
  18 rats
  A rat zombie (D:6)
173 creatures vanquished.

Vanquished Creatures (collateral kills)
  Grinder (D:6)
  Sigmund (D:6)
  A scorpion (D:5)
  3 crimson imps
  2 orc priests (D:6)
  An orc wizard (D:5)
  4 adders
  2 shadow imps
  2 worms
  2 oozes (D:3)
  2 orcs
  2 goblins (D:2)
  2 hobgoblins (D:2)
  3 bats
  A giant cockroach (D:4)
  6 jackals (D:2)
  2 rats
37 creatures vanquished.

Vanquished Creatures (others)
  An orc priest (D:5)
  6 crimson imps
  4 white imps
  4 shadow imps
  A goblin (D:5)
16 creatures vanquished.

Grand Total: 226 creatures vanquished

Notes
Turn   | Place    | Note
--------------------------------------------------------------
     0 | D:1      | Huymann, the Deep Elf Wizard, began the quest for the Orb.
     0 | D:1      | Reached XP level 1. HP: 10/10 MP: 6/6
   363 | D:1      | Reached XP level 2. HP: 10/15 MP: 7/10
   564 | D:1      | Reached skill level 5 in Spellcasting
   847 | D:1      | Reached XP level 3. HP: 16/19 MP: 8/14
  1054 | D:1      | Learned a level 2 spell: Call Imp
  1066 | D:2      | Noticed Ijyb
  1426 | D:2      | Noticed Terence
  1586 | D:2      | Reached XP level 4. HP: 24/24 MP: 9/17
  1911 | D:2      | Reached skill level 1 in Short Blades
  2213 | D:3      | Noticed Erymatos' ghost (weakling MiBe)
  2236 | D:2      | Learned a level 3 spell: Conjure Flame
  2613 | D:4      | Reached XP level 5. HP: 28/28 MP: 17/20
  2668 | D:4      | Found a staircase to the Ecumenical Temple.
  2705 | Temple   | Entered the Ecumenical Temple
  2855 | D:4      | Noticed ShockStorm's ghost (average FoAM)
  2904 | D:3      | Killed Erymatos' ghost
  2998 | D:3      | Learned a level 3 spell: Mephitic Cloud
  3389 | D:2      | Killed Terence
  3864 | D:4      | Reached skill level 6 in Spellcasting
  3864 | D:4      | Reached XP level 6. HP: 32/32 MP: 21/22
  4226 | D:4      | Killed ShockStorm's ghost
  4226 | D:4      | Reached XP level 7. HP: 36/36 MP: 24/24
  4574 | D:5      | Entered Level 5 of the Dungeon
  4632 | D:5      | Noticed JackS81's ghost (experienced MfDK)
  4640 | D:5      | Killed JackS81's ghost
  4640 | D:5      | Reached skill level 5 in Stealth
  4640 | D:5      | Reached skill level 7 in Spellcasting
  4640 | D:5      | Reached skill level 1 in Poison Magic
  4640 | D:5      | Reached XP level 8. HP: 38/42 MP: 17/26
  4995 | D:5      | Noticed Pikel
  5027 | D:5      | Killed Pikel
  5027 | D:5      | Reached skill level 5 in Dodging
  5027 | D:5      | Reached skill level 5 in Conjurations
  5027 | D:5      | Reached skill level 1 in Air Magic
  5034 | D:5      | Reached skill level 1 in Fighting
  5075 | D:5      | Reached skill level 8 in Spellcasting
  5121 | D:5      | Found a shadowy altar of Dithmenos.
  5294 | D:5      | Found a white marble altar of Elyvilon.
  5294 | D:5      | Found a stormy altar of Qazlal.
  5430 | D:5      | Reached XP level 9. HP: 29/47 MP: 17/28
  5547 | D:5      | Found a deep blue altar of Sif Muna.
  5557 | D:5      | Became a worshipper of Sif Muna the Loreminder
  5867 | D:6      | Got a steaming ring mail
  5887 | D:6      | Identified the cursed +4 ring mail of Okawaru's Generosity {Str-2 Dex+3} (You found it on level 6 of the Dungeon)
  5958 | D:6      | Found a sparkling altar of Nemelex Xobeh.
  5995 | D:6      | Noticed Grinder
  6026 | D:6      | Paralysed by Grinder for 3 turns
  6082 | D:6      | Killed Grinder
  6103 | D:6      | Noticed Sigmund
  6122 | D:6      | Killed Sigmund
  6698 | D:6      | Reached skill level 9 in Spellcasting
  6721 | D:6      | Found a shattered altar of Ashenzari.
  6838 | D:7      | Noticed Blork the orc
  6850 | D:7      | Killed Blork the orc
  7065 | D:7      | Reached skill level 1 in Fire Magic
  7273 | D:7      | Noticed Joseph
  7309 | D:7      | HP: 2/47 [Joseph/exploding sling bullet (14)]
  7309 | D:7      | Killed from afar by Joseph

Action                   |  1- 3 |  4- 6 |  7- 9 || total
-------------------------+-------+-------+-------++-------
Melee: Dagger            |     9 |    91 |    92 ||   192
 Cast: Magic Dart        |    76 |   109 |   120 ||   305
       Call Imp          |    13 |    12 |    44 ||    69
       Conjure Flame     |       |    11 |    21 ||    32
       Mephitic Cloud    |       |    12 |    28 ||    40
  Use: Scroll            |     2 |     5 |     2 ||     9
       Potion            |       |       |     3 ||     3
 Stab: Sleeping          |     1 |    10 |     9 ||    20
       Confused          |       |     2 |     8 ||    10
  Eat: Chunk             |     2 |    21 |    12 ||    35
